 Dungeon Crawl Stone Soup version 0.28.0 (webtiles) character file.

Game seed: 5063711215018813490

122696 RighteousDevil the Brawler (level 16, -1/170 HPs)
             Began as a Troll Monk on Feb 14, 2022.
             Was a High Priest of Makhleb.
             Hit by a silver javelin thrown by a merfolk javelineer (2 damage)
             ... on level 4 of the Shoals.
             The game lasted 00:58:23 (19811 turns).

RighteousDevil the Brawler (Troll Monk)            Turns: 19811, Time: 00:58:24

Health: -1/170     AC: 25    Str: 27    XL:     16   Next: 35%
Magic:  25/25      EV: 24    Int:  8    God:    Makhleb [*****.]
Gold:   2200       SH:  0    Dex: 14    Spells: 15/15 levels left

rFire   + . .      SeeInvis +     - Unarmed
rCold   . . .      Faith    .   (no shield)
rNeg    . . .      Spirit   .   N - quicksilver dragon scales
rPois   +          Reflect  .   I - +2 hat
rElec   +          Harm     .   Q - +2 cloak {rF+}
rCorr   .          Rampage  .   (gloves unavailable)
Will    ++...                   (boots unavailable)
Stlth   +.........              H - amulet "Iteybebohi" {Acrobat Regen+ Str+2 SInv}
HPRegen 1.98/turn               O - ring of poison resistance
MPRegen 0.19/turn               k - +4 ring of protection

@: lethally poisoned (-1 -> -1), about to teleport, acrobatic, studying
Conjurations, very slow
A: large, unfitting armour, claws 3, regeneration 1, shaggy fur 1, tough skin 1,
hooves 1, horns 1, iridescent scales 1, electricity resistance
a: Renounce Religion, Minor Destruction, Lesser Servant of Makhleb, Major
Destruction, Greater Servant of Makhleb


You were on level 4 of the Shoals.
You worshipped Makhleb.
Makhleb was extremely pleased with you.
You visited 5 branches of the dungeon, and saw 25 of its levels.
You also visited: Trove and Volcano.

You collected 2200 gold pieces.

Inventory:

Missiles
 u - 2 atropa-tipped darts
 R - 2 throwing nets
Armour
 q - +4 steam dragon scales
 y - a +0 kite shield
 I - a +2 hat (worn)
 N - quicksilver dragon scales (worn)
 Q - a +2 cloak of fire resistance (worn)
Jewellery
 c - a ring of protection from cold
 d - a ring of see invisible
 k - a +4 ring of protection (right claw)
 n - a ring of fire
 v - the ring of Xom's Capriciousness {Str+6 Int+5 Dex-3}
   (You found it on level 8 of the Dungeon)

   [ring of strength]

   Str:       It affects your strength (+6).
   Int:       It affects your intelligence (+5).
   Dex:       It affects your dexterity (-3).
 z - an amulet of reflection
 G - a ring of resist corrosion
 H - the amulet "Iteybebohi" (around neck) {Acrobat Regen+ Str+2 SInv}
   (You found it in a treasure trove)

   [amulet of the acrobat]

   It increases your evasion while moving and waiting.
   Str:       It affects your strength (+2).
   SInv:      It lets you see invisible.
   Regen:     It increases your rate of health regeneration.
 J - the amulet "Gaegh" {RegenMP MP+9}
   (You found it in a treasure trove)

   [amulet of magic regeneration]

   It increases your rate of magic regeneration.
   MP:        It affects your magic capacity (+9).
 O - a ring of poison resistance (left claw)
 U - a +4 ring of slaying
Wands
 a - a wand of paralysis (7)
 h - a wand of polymorph (20)
 p - a wand of mindburst (7)
 x - a wand of flame (30)
 D - a wand of charming (6)
 L - a wand of iceblast (26)
 M - a wand of acid (16)
Scrolls
 e - 4 scrolls of fog
 g - a scroll of brand weapon
 j - 5 scrolls of teleportation
 m - 5 scrolls of immolation
 t - a scroll of amnesia
 w - 3 scrolls of fear
 B - 3 scrolls of enchant weapon
 K - 9 scrolls of identify
Potions
 b - 3 potions of might
 f - 2 potions of mutation
 i - 5 potions of lignification
 l - 2 potions of haste
 o - 2 potions of flight
 r - 3 potions of brilliance
 s - a potion of cancellation
 C - a potion of berserk rage
 E - 9 potions of ambrosia
Miscellaneous
 A - a phial of floods
 P - a box of beasts


   Skills:
 - Level 13.2 Fighting
 - Level 6.7 Armour
 - Level 2.4 Dodging
 - Level 1.0 Stealth
 + Level 19.1 Unarmed Combat
 + Level 13.9 Invocations


You had 15 spell levels left.
You didn't know any spells.
Your spell library contained the following spells:

 Spells                   Type           Power      Damage    Failure   Level
 Beastly Appendage        Tmut           0%         N/A       52%         1
 Sandblast                Erth           0%         2d4       52%         1
 Slow                     Hex            0%         N/A       52%         1
 Summon Small Mammal      Summ           0%         N/A       52%         1
 Blink                    Tloc           0%         N/A       67%         2
 Corpse Rot               Necr/Air       0%         N/A       67%         2
 Passwall                 Tmut/Erth      0%         N/A       67%         2
 Scorch                   Fire           0%         2d5       67%         2
 Sublimation of Blood     Necr           0%         N/A       67%         2
 Wereblood                Tmut           0%         N/A       67%         2
 Call Canine Familiar     Summ           0%         N/A       88%         3
 Confusing Touch          Hex            0%         N/A       88%         3
 Conjure Flame            Conj/Fire      0%         6-21      88%         3
 Ignite Poison            Fire/Tmut/Pois 0%         N/A       88%         3
 Stone Arrow              Conj/Erth      0%         3d7       88%         3
 Summon Guardian Golem    Hex/Summ       0%         N/A       88%         3
 Tukima's Dance           Hex            0%         N/A       88%         3
 Vampiric Draining        Necr           0%         2d6       88%         3
 Animate Armour           Summ/Erth      0%         N/A       99%         4
 Dispel Undead            Necr           0%         3d6       99%         4
 Flame Wave               Conj/Fire      0%         2d4       99%         4
 Fulminant Prism          Conj/Hex       0%         3d6       99%         4
 Hailstorm                Conj/Ice       0%         3d3       99%         4
 Ice Form                 Ice/Tmut       0%         N/A       99%         4
 Passage of Golubria      Tloc           0%         N/A       99%         4
 Petrify                  Tmut/Erth      0%         N/A       99%         4
 Sticky Flame             Conj/Fire      0%         2d3       99%         4
 Excruciating Wounds      Necr           0%         N/A       100%        5
 Fireball                 Conj/Fire      0%         3d3       100%        5
 Irradiate                Conj/Tmut      0%         3d13      100%        5
 Manifold Assault         Tloc           0%         N/A       100%        5
 Summon Forest            Summ/Tloc      0%         N/A       100%        5
 Yara's Violent Unravell  Hex/Tmut       0%         3d3       100%        5
 Conjure Ball Lightning   Conj/Air       0%         3x3d6     100%        6
 Death Channel            Necr           0%         N/A       100%        6
 Eringya's Noxious Bog    Tmut/Pois      0%         N/A       100%        6
 Simulacrum               Ice/Necr       0%         N/A       100%        6
 Summon Cactus Giant      Summ           0%         N/A       100%        6
 Summon Hydra             Summ           0%         N/A       100%        7
 Infestation              Necr           0%         N/A       100%        8
 Lehudib's Crystal Spear  Conj/Erth      0%         10d2      100%        8
 Necromutation            Tmut/Necr      0%         N/A       100%        8


Dungeon Overview and Level Annotations

Branches:
Dungeon (12/15)            Temple (1/1) D:6            Lair (6/6) D:8
 Shoals (4/4) Lair:2       Spider (0/4) Lair:2        Slime (0/5) Lair:5
    Orc (2/2) D:12            Elf (0/3) Orc:2       Volcano (visited)

Altars:
Ashenzari
Cheibriados
Dithmenos
Elyvilon
Fedhas
Hepliaklqana
Kikubaaqudgha
Makhleb
Nemelex Xobeh
Okawaru
Qazlal
Uskayaw
Wu Jian
Xom
Yredelemnul
Zin
The Shining One
Beogh
Jiyva
Lugonu

Shops:
D:2 (   D:3 =   D:7 (   D:10 *   Orc:2 =:*[:

Portals:
Abyss: Lair:6

Annotations:
D:5 1 runed translucent door, Crazy Yiuf
Lair:5 exclusion: oklob plant


Innate Abilities, Weirdness & Mutations

You are too large for most types of armour.
You have claws for hands.
Your natural rate of healing is unusually fast.
You are covered in fur. (AC +1)
You have tough skin. (AC +1)
You have large cloven feet.
You have a pair of small horns on your head.
You are partially covered in iridescent scales. (AC +2)
You are resistant to electric shocks. (rElec)


Message History

The silver sears you!
* * * LOW HITPOINT WARNING * * *
The manticore closely misses you. The manticore claws you!
* * * LOW HITPOINT WARNING * * *
The manticore barely misses you.
Unknown command.
You feel better. The manticore bites you!
* * * LOW HITPOINT WARNING * * *
The manticore barely misses you. The manticore completely misses you.
Unknown command.
Blink to where?
Press: ? - help, Dir - move target Splash!
You fall into the shallow water.
Moving in this stuff is going to be slow.
As you read the scroll of blinking, it crumbles to dust.
You feel better.
As you read the scroll of teleportation, it crumbles to dust.
You feel strangely unstable.
The manticore bites you but does no damage.
The manticore claws you but does no damage. x2
Unknown command.
The merfolk javelineer hits you but does no damage.
You are poisoned.
You mangle the manticore!! You kick the manticore.
Your claw misses the manticore.
The manticore is severely wounded.
You feel sick. The manticore bites you.
* * * LOW HITPOINT WARNING * * *
The manticore claws you.
* * * LOW HITPOINT WARNING * * *
The manticore claws you but does no damage.
The merfolk javelineer hits you from afar with a +1 spear of venom.
* * * LOW HITPOINT WARNING * * *
You feel very sick.
The merfolk javelineer throws a silver javelin.
The silver javelin pierces through you.
* * * LOW HITPOINT WARNING * * *
The silver sears you!
You die...

≈≈≈≈≈≈≈≈≈...##)##....≈≈≈≈≈≈≈≈≈≈≈≈
≈≈≈≈≈≈≈≈≈≈.##...##..≈≈≈≈†≈≈≈≈≈≈≈≈
≈≈≈≈≈≈≈≈≈≈.#.....#.≈≈≈≈≈≈≈≈≈≈≈≈≈≈
≈≈≈≈≈≈≈≈≈≈≈#..|..#.≈≈≈≈≈≈≈≈≈≈≈≈≈≈
≈≈≈≈≈≈≈≈≈≈≈#.....#≈≈≈≈≈≈≈≈≈≈≈≈≈≈≈
≈≈≈≈≈≈≈≈≈≈≈##...##≈≈≈≈≈≈≈≈≈≈≈≈≈≈.
≈≈≈≈≈≈≈≈≈≈≈≈#####≈≈≈≈.P≈PP.......
≈≈≈≈≈≈≈≈≈≈≈≈≈≈≈≈≈≈≈≈...PPP#......
≈≈≈≈≈≈≈≈≈≈≈≈≈≈≈≈@≈§.#######....5.
≈≈≈≈≈≈≈≈≈≈≈≈≈≈≈≈≈H§## #§§§...
≈≈≈≈≈≈≈≈≈≈≈≈≈≈≈§§§m## #§§§...
≈≈≈≈≈≈≈≈≈≈≈≈≈≈≈§≈§m§## ####§§§.†.
≈≈≈≈≈≈≈≈≈≈≈≈≈≈≈≈§≈§§§###..#§m§...
≈≈≈≈≈≈≈≈≈≈≈≈≈≈≈≈≈≈§§§mm..≈mm§§...
≈≈≈≈≈≈≈≈≈≈≈≈≈≈≈≈≈≈§≈≈≈m≈m≈§§§§§..
≈≈≈≈≈≈≈≈≈≈≈≈≈≈≈≈≈≈§≈≈≈≈≈≈≈≈§§§§§≈
≈≈≈≈≈≈≈≈≈≈≈≈≈≈≈≈≈≈≈≈≈≈≈≈≈≈≈≈≈≈≈≈≈


You could see 2 merfolk javelineers and a manticore.

Vanquished Creatures
  Rupert (Lair:5)
  An orc warlord (Orc:2)
  A red draconian (Volcano)
  3 merfolk impalers
  3 ogre magi
  2 boulder beetles
  11 hydras
  A centaur warrior (Shoals:1)
  3 merfolk aquamancers
  14 two-headed ogres
  3 merfolk avatars
  10 death yaks
  2 thrashing horrors (Lair:6)
  Nergalle (Lair:2)
  A salamander mystic (Volcano)
  8 sea snakes
  2 deep trolls (Orc:2)
  2 lindwurms (Lair:5)
  A deep elf pyromancer (D:12)
  3 ugly things
  6 orc sorcerers
  2 wolf spiders (Lair:4)
  8 harpies
  An orc knight (Orc:1)
  4 salamanders (Volcano)
  9 manticores
  A faun (Shoals:2)
  3 cyclopes
  5 merfolk sirens
  2 black mambas
  2 smoke demons (Lair:6)
  A gargoyle (D:12)
  4 water nymphs
  12 cane toads
  A rime drake (Lair:4)
  8 komodo dragons
  A guardian mummy (D:11)
  An ancient zyme (Lair:6)
  A queen bee (Lair:2)
  11 trolls
  2 wind drakes
  16 merfolk
  Prince Ribbit (D:5)
  3 hornets (Orc:1)
  A slime creature (D:11)
  3 harpy zombies (Shoals:1)
  7 snapping turtles
  28 blink frogs
  7 dream sheep
  A meliai zombie (D:11)
  2 spriggans (Lair:6)
  A vampire (D:12)
  2 large abominations (Lair:6)
  30 yaks
  4 wyverns
  5 water elementals
  A golden eye (shapeshifter) (Lair:6)
  A redback (Lair:2)
  5 basilisks
  4 chaos spawn (Lair:6)
  7 vampire mosquitoes
  3 steam dragons
  2 wargs (Orc:1)
  An acid dragon (D:12)
  Edmund (D:4)
  A floating eye (Orc:1)
  14 water moccasins
  25 orc warriors
  A hornet zombie (D:6)
  2 sky beasts
  2 ice beasts (D:6)
  30 ogres
  4 necrophages
  32 wolves
  9 centaurs
  2 kobold brigands
  10 bullfrogs
  3 scorpions
  A wyvern zombie (D:7)
  2 gnoll sergeants
  28 killer bees
  2 vampire bats (Lair:3)
  An electric eel (D:8)
  A howler monkey (D:12)
  4 centaur zombies
  6 jellies
  9 small abominations (Lair:6)
  18 orc priests
  5 hounds
  A centaur skeleton (D:6)
  5 iguanas
  Natasha (thrice) (D:2)
  19 orc wizards
  5 hell rats (Lair:2)
  A killer bee zombie (D:7)
  Robin (D:3)
  A howler monkey zombie (D:5)
  8 adders
  9 gnolls
  A howler monkey skeleton (D:5)
  2 shadow imps
  5 white imps
  2 worms (D:2)
  A dart slug (D:4)
  77 orcs
  2 bat zombies (Shoals:1)
  7 endoplasms
  2 giant cockroaches (D:1)
  16 goblins
  12 hobgoblins
  3 jackals (D:1)
  3 quokkas
  4 ball pythons
  9 bats
  6 frilled lizards
  13 kobolds
  4 rats
728 creatures vanquished.

Vanquished Creatures (collateral kills)
  An orc warlord (Orc:2)
  A merfolk javelineer (Shoals:4)
  A salamander (Volcano)
  A merfolk siren (Shoals:4)
  2 ogres (Orc:2)
  3 orcs (Orc:2)
9 creatures vanquished.

Vanquished Creatures (others)
  A water elemental (Shoals:4)
  An orc (D:5)
  16 fungi
  32 plants
50 creatures vanquished.

Grand Total: 787 creatures vanquished

Notes
Turn   | Place    | Note
-------+----------+-------------------------------------------
     0 | D:1      | RighteousDevil the Troll Monk began the quest for the Orb.
     0 | D:1      | Reached XP level 1. HP: 22/22 MP: 0/0
    48 | D:1      | Reached XP level 2. HP: 25/29 MP: 1/1
   211 | D:1      | Reached XP level 3. HP: 37/37 MP: 2/2
   581 | D:2      | Noticed Natasha
   627 | D:2      | Killed Natasha
   628 | D:2      | Reached skill level 4 in Unarmed Combat
   628 | D:2      | Reached XP level 4. HP: 41/45 MP: 3/3
   681 | D:2      | Found a faded altar of an unknown god.
   786 | D:2      | Found Uliocuna's Antique Weapon Emporium.
   916 | D:2      | Noticed Natasha
   923 | D:2      | Killed Natasha
  1036 | D:2      | Noticed Natasha
  1041 | D:2      | Killed Natasha
  1042 | D:2      | Reached XP level 5. HP: 54/54 MP: 4/4
  1130 | D:3      | Found an ancient bone altar of Kikubaaqudgha.
  1254 | D:3      | Found Mijogaod's Jewellery Shop.
  1452 | D:3      | Noticed Robin
  1477 | D:3      | Killed Robin
  1682 | D:4      | Reached skill level 1 in Invocations
  1754 | D:4      | Reached skill level 5 in Unarmed Combat
  1762 | D:4      | Reached XP level 6. HP: 54/60 MP: 4/6
  1830 | D:4      | Noticed Edmund
  1852 | D:4      | Killed Edmund
  2257 | D:5      | Entered Level 5 of the Dungeon
  2278 | D:5      | Reached XP level 7. HP: 43/71 MP: 7/7
  2396 | D:5      | Found a hide-covered altar of Uskayaw.
  2463 | D:5      | Noticed a steam dragon
  2485 | D:5      | Killed a steam dragon
  2486 | D:5      | Reached skill level 5 in Fighting
  2486 | D:5      | Reached skill level 6 in Unarmed Combat
  2687 | D:5      | Reached XP level 8. HP: 80/80 MP: 9/9
  2763 | D:5      | Found a runed translucent door.
  2764 | D:5      | Noticed Crazy Yiuf
  2872 | D:5      | Noticed Prince Ribbit
  2901 | D:5      | Killed Prince Ribbit
  2902 | D:5      | Reached skill level 7 in Unarmed Combat
  3260 | D:6      | Noticed Maggie
  3262 | D:6      | Noticed Maggie
  3262 | D:6      | Maggie changed into Maggie the wolf
  3272 | D:6      | Killed Maggie the wolf
  3280 | D:6      | Reached skill level 5 in Invocations
  3389 | D:6      | Identified the +1 robe of the Enchanted Forest {Regen+
                  | Stlth+}
  3565 | D:6      | Reached XP level 9. HP: 67/92 MP: 12/12
  3755 | D:6      | Found a staircase to the Ecumenical Temple.
  3764 | Temple   | Entered the Ecumenical Temple
  3788 | Temple   | Became a worshipper of Makhleb the Destroyer
  3788 | Temple   | Reached * piety under Makhleb
  3788 | Temple   | Reached ** piety under Makhleb
  3857 | D:6      | Reached skill level 8 in Unarmed Combat
  4094 | D:6      | Reached skill level 9 in Unarmed Combat
  4649 | D:7      | Reached *** piety under Makhleb
  4754 | D:7      | Found Imourphin's Antique Weapon Shop.
  4869 | D:7      | Reached XP level 10. HP: 83/104 MP: 13/13
  5251 | D:8      | Identified the ring of Xom's Capriciousness {Str+6 Int+5
                  | Dex-3}
  5275 | D:8      | Found a staircase to the Lair.
  5302 | D:8      | Reached skill level 10 in Unarmed Combat
  5491 | D:8      | Found an iron altar of Okawaru.
  5491 | D:8      | Found a blossoming altar of Fedhas.
  5491 | D:8      | Found a glowing silver altar of Zin.
  5882 | Lair:1   | Entered Level 1 of the Lair of Beasts
  6003 | Lair:1   | Noticed a cane toad
  6012 | Lair:1   | Killed a cane toad
  6046 | Lair:1   | Noticed a cane toad
  6060 | Lair:1   | Killed a cane toad
  6114 | Lair:1   | Noticed a cane toad
  6115 | Lair:1   | Noticed a cane toad
  6122 | Lair:1   | Killed a cane toad
  6123 | Lair:1   | Reached skill level 11 in Unarmed Combat
  6123 | Lair:1   | Killed a cane toad
  6225 | Lair:1   | Noticed an eight-headed hydra
  6235 | Lair:1   | Killed an eight-headed hydra
  6688 | Lair:1   | Noticed a cane toad
  6701 | Lair:1   | Killed a cane toad
  6702 | Lair:1   | Reached XP level 11. HP: 105/117 MP: 14/14
  6912 | Lair:2   | Noticed a death yak
  6912 | Lair:2   | Noticed a death yak
  6912 | Lair:2   | Noticed a death yak
  6912 | Lair:2   | Noticed a death yak
  6912 | Lair:2   | Noticed a death yak
  6912 | Lair:2   | Noticed a death yak
  6920 | Lair:1   | Killed a death yak
  6939 | D:8      | Killed a death yak
  6940 | D:8      | Reached skill level 10 in Fighting
  6997 | D:8      | Killed a death yak
  6998 | D:8      | Reached skill level 12 in Unarmed Combat
  7012 | D:8      | HP: 2/118 [death yak (22)]
  7027 | D:8      | Killed a death yak
  7123 | D:8      | Killed a death yak
  7125 | D:8      | Reached **** piety under Makhleb
  7136 | D:8      | Killed a death yak
  7265 | D:9      | Noticed a two-headed ogre
  7272 | D:9      | Killed a two-headed ogre
  7696 | D:9      | Gained mutation: You are partially covered in iridescent
                  | scales. (AC +2) [potion of mutation]
  7696 | D:9      | Gained mutation: You have large cloven feet. [potion of
                  | mutation]
  7696 | D:9      | Gained mutation: You have a pair of small horns on your
                  | head. [potion of mutation]
  7696 | D:9      | Gained mutation: You are resistant to electric shocks.
                  | (rElec) [potion of mutation]
  7704 | D:10     | Entered Level 10 of the Dungeon
  7922 | D:10     | Noticed a two-headed ogre
  7929 | D:10     | Killed a two-headed ogre
  7962 | D:10     | Found Zeraf's Serpentskin Sales.
  7973 | D:10     | Reached skill level 13 in Unarmed Combat
  8128 | D:10     | Noticed a two-headed ogre
  8131 | D:10     | Killed a two-headed ogre
  8237 | D:10     | Found a faded altar of an unknown god.
  8237 | D:10     | Found a faded altar of an unknown god.
  8237 | D:10     | Found a faded altar of an unknown god.
  8263 | D:10     | Found a hazy altar of Hepliaklqana.
  8357 | D:11     | Noticed a two-headed ogre
  8368 | D:11     | Noticed a cyan ugly thing
  8377 | D:10     | Killed a two-headed ogre
  8378 | D:10     | Reached XP level 12. HP: 126/130 MP: 14/16
  8413 | D:11     | Found a portal to a secret trove of treasure.
  8425 | Trove    | Entered a treasure trove
  8448 | Trove    | Got Iwkeak's Collected Works on Transformation and
                  | Conjuration
  8450 | Trove    | Got Roalou's Handbook of Dislocation and the Escort
  8452 | Trove    | Got Sif Muna's Catalogue of the Escort and Stolen Souls
  8473 | Trove    | Identified the amulet "Iteybebohi" {Acrobat Regen+ Str+2
                  | SInv}
  8477 | Trove    | Identified the amulet "Gaegh" {RegenMP MP+9}
  8535 | Trove    | Reached XP level 13. HP: 137/137 MP: 17/17
  8678 | D:11     | Found a viscous altar of Jiyva.
  9494 | D:12     | Found a staircase to the Orcish Mines.
  9546 | D:12     | Reached skill level 14 in Unarmed Combat
  9787 | Orc:1    | Entered Level 1 of the Orcish Mines
  9961 | Orc:2    | Entered Level 2 of the Orcish Mines
 10479 | Orc:2    | Found Taiprat's General Store.
 10479 | Orc:2    | Found Sagoahif's Book Boutique.
 10682 | Orc:2    | Noticed an orc warlord
 10690 | Orc:2    | Reached XP level 14. HP: 128/150 MP: 19/19
 10709 | Orc:2    | Killed an orc warlord
 10761 | Orc:2    | Found Usa Piak's Antique Armour Shoppe.
 10767 | Orc:2    | Reached skill level 15 in Unarmed Combat
 10874 | Orc:2    | Noticed an orc warlord
 10942 | Orc:1    | Reached ***** piety under Makhleb
 11099 | Orc:2    | Killed an orc warlord
 11208 | Orc:2    | Found a staircase to the Elven Halls.
 11218 | Orc:2    | Found Arerul's Book Shoppe.
 11236 | Orc:2    | Found Widigoc's Jewellery Boutique.
 11629 | Orc:1    | Found an iron altar of Okawaru.
 11717 | Orc:1    | Paralysed by a floating eye for 4 turns
 11734 | Orc:1    | Paralysed by a hornet for 3 turns
 11741 | Orc:1    | Paralysed by a hornet for 1 turns
 12253 | Lair:2   | Found a hole to the Spider Nest.
 12391 | Lair:2   | Reached ****** piety under Makhleb
 12452 | Lair:2   | Found a staircase to the Shoals.
 12465 | Lair:2   | Reached skill level 16 in Unarmed Combat
 12990 | Lair:3   | Noticed Nergalle
 13000 | Lair:2   | Reached skill level 10 in Invocations
 13006 | Lair:2   | Killed Nergalle
 14172 | Lair:4   | Reached XP level 15. HP: 161/161 MP: 22/22
 14227 | Lair:4   | Identified the +1 robe "Weck" {rPois Dex+6}
 15296 | Lair:5   | Noticed Rupert
 15338 | Lair:4   | Reached skill level 17 in Unarmed Combat
 15504 | Lair:5   | Found a dark tunnel.
 15513 | Volcano  | Entered a volcano
 16253 | Lair:5   | Killed Rupert
 16281 | Lair:5   | Found a staircase to the Slime Pits.
 16286 | Lair:5   | Found a viscous altar of Jiyva.
 16689 | Lair:6   | Entered Level 6 of the Lair of Beasts
 17677 | Lair:6   | Identified the +2 hand crossbow of Evolution {speed, Str+2}
 17847 | Lair:6   | Found a corrupted altar of Lugonu.
 17847 | Lair:6   | Found a one-way gate to the infinite horrors of the Abyss.
 17853 | Lair:6   | Identified the +5 chain mail "Karej" {Slay+3}
 18067 | Shoals:1 | Entered Level 1 of the Shoals
 18090 | Shoals:1 | Reached skill level 18 in Unarmed Combat
 18422 | Shoals:1 | Identified a scroll of acquirement
 18423 | Shoals:1 | Acquired a manual of Conjurations
 18872 | Shoals:2 | Reached XP level 16. HP: 170/170 MP: 24/24
 19452 | Shoals:4 | Entered Level 4 of the Shoals
 19717 | Shoals:4 | Reached skill level 19 in Unarmed Combat
 19804 | Shoals:4 | HP: 6/170 [manticore (7)]
 19810 | Shoals:4 | HP: 7/170 [merfolk javelineer (6)]
 19811 | Shoals:4 | HP: 1/170 [merfolk javelineer/silver javelin (6)]
 19811 | Shoals:4 | Hit by a silver javelin thrown by a merfolk javelineer

Illustrated notes

Levels and vault maps discovered:
D:1:      sevenhm_arrival_forest_fort_small_3, layout_basic
D:2:      layout_rooms, chequers_ecumenical_altar_twisty, serial_shops,
          shop_fountains, uniq_natasha
D:3:      layout_basic, mainiacjoe_overflow_brackets, serial_shops, shop,
          uniq_robin
D:4:      layout_basic, uniq_edmund
D:5:      layout_basic, eat_drink_and_be_merry_uskayaw, serial_bayou,
          serial_bayou_lagoon_a, serial_bayou_crossing, serial_bayou_pond_a,
          serial_bayou_lagoon_b, st_stairs_1, uniq_prince_ribbit1,
          uniq_crazy_yiuf_cottage
D:6:      minmay_thinvault, layout_basic, minmay_temple_entry_butterflies,
          uniq_maggie
D:7:      layout_cave_pools, serial_shops, shop, st_stairs_11, minivault_23
D:8:      layout_loops_ring, gammafunk_temple_overflow_claw, erik_lair_island
D:9:      layout_basic
D:10:     layout_loops_ring, nicolae_hepliaklqana_ecumenical_no_more,
          guppyfry_shop_venom
D:11:     argonaut_augean_stables, layout_rooms,
          nicolae_trove_entry_path_of_doom, jiyva_altar_1
D:12:     layout_rooms, orc_0_dummy
Temple:   eino_temple_rhombus
Lair:1:   layout_cave_pods
Lair:2:   layout_roguey [special_room_bee], minmay_shoals_entry_lonely_mermaid,
          spider_nest_entry_webs, minivault_24, infiniplex_staircase_pool_2
Lair:3:   layout_regular_city, roderic_batcave, uniq_nergalle
Lair:4:   layout_layer_cave, chequers_serial_rivers_large_a,
          nicolae_lair_run_with_the_wolves
Lair:5:   layout_cave_pods, slime_altar_1, lightli_volcano_entry_magma_tube,
          st_stairs_12, chequers_serial_rivers_micro_a,
          minmay_lair_oklob_bushes, serial_bayou_pond_c, uniq_rupert
Lair:6:   hellmonk_lair_end_abyssal_woods, layout_cave_pods
Shoals:1: layout_shoals, nicolae_shoals_undead_eyrie
Shoals:2: layout_shoals
Shoals:3: layout_shoals, regret_index_shoals_crete, uniq_aizul, uniq_nikola,
          uniq_polyphemus
Shoals:4: shoals_end_simple, layout_shoals, abandoned_shop
Orc:1:    hellmonk_paralyzer, layout_caves, okawaru_metal_pillars_1_2
Orc:2:    st_orc_open, layout_diamond_mine, serial_shops, shop, basic_altar

Skill      XL: |  1  2  3  4  5  6  7  8  9 10 11 12 13 14 15 16 |
---------------+-------------------------------------------------+-----
Fighting       | 3 4 5 6 8 9 11 12 13 | 13.2
Unarmed Combat | 4 5 6 7 9 11 13 14 16 18 19 | 19.1
Invocations    | 1 2 3 5 6 9 10 13 | 13.9
Armour         | 6 |  6.7
Dodging        | |  2.4
Stealth        | |  1.0

Action                   |  1- 3 |  4- 6 |  7- 9 | 10-12 | 13-15 | 16-18 || total
-------------------------+-------+-------+-------+-------+-------+-------++-------
Melee: Unarmed           |    75 |   142 |   293 |   267 |  1207 |   169 ||  2153
       Punch             |     1 |     2 |    14 |    25 |   109 |    19 ||   170
       Kick              |       |       |       |    27 |   358 |    59 ||   444
       Headbutt          |       |       |       |    15 |   242 |    40 ||   297
Invok: Minor Destruction |       |       |     3 |    31 |    88 |     2 ||   124
       Lesser Servant of |       |       |       |       |    11 |     1 ||    12
       Major Destruction |       |       |       |       |     1 |       ||     1
       Greater Servant o |       |       |       |       |       |     1 ||     1
Evoke: Wand              |       |       |     1 |    12 |     9 |     5 ||    27
       Box of beasts     |       |       |       |       |     1 |       ||     1
  Use: Scroll            |     3 |     3 |     7 |     9 |    17 |     7 ||    46
       Potion            |     1 |       |     1 |     5 |    16 |     3 ||    26
 Stab: Sleeping          |     1 |     3 |     4 |       |     1 |       ||     9
       Invisible         |       |       |       |       |     7 |       ||     7
       Distracted        |       |       |       |       |     1 |       ||     1
Armor: Robe              |    28 |    25 |    34 |       |       |       ||    87
       Steam dragon scal |       |       |    85 |   157 |    79 |       ||   321
       Quicksilver drago |       |       |       |       |   776 |    88 ||   864
       Skin              |       |       |       |       |    26 |       ||    26
Dodge: Dodged            |    40 |    56 |   149 |   147 |   797 |    93 ||  1282
